 Dungeon Crawl Stone Soup version 0.15.2 (webtiles) character file.

5815 monstruo the Bludgeoner (level 10, 0/77 HPs)
             Began as a Minotaur Berserker on Nov 19, 2014.
             Was a High Priest of Trog.
             Rolled over by a boulder beetle (35 damage)
             ... on Level 2 of the Orcish Mines.
             The game lasted 01:01:16 (10568 turns).

monstruo the Bludgeoner (Minotaur Berserker)       Turns: 10568, Time: 01:01:16

HP   0/77        AC 18     Str 25      XL: 10   Next: 51%
MP   4/4         EV  6     Int  4      God: Trog [*****.]
Gold 493         SH  0     Dex 13      Spells:  0 memorised,  9 levels left

rFire  . . .     SeeInvis .     a - +1 mace
rCold  . . .     Clarity  .     T - +2 plate armour {MR+}
rNeg   . . .     rCorr    +     (no shield)
rPois  .         rRot     .     (helmet restricted)
rElec  .         Spirit   .     F - +0 cloak
SustAb .         Warding  .     y - +2 pair of gloves {Str+3}
rMut   .         Stasis   .     p - +0 pair of boots
Gourm  .                        z - amulet of resist corrosion
MR     ++...                    (no ring)
                                D - ring of protection from magic

@: very resistant to hostile enchantments, extremely unstealthy
A: retaliatory headbutt, horns 2
a: Burn Spellbooks, Berserk, Trog's Hand, Brothers in Arms, Renounce Religion


You were on level 2 of the Orcish Mines.
You worshipped Trog.
Trog was extremely pleased with you.
You were not hungry.

You visited 4 branches of the dungeon, and saw 13 of its levels.
You also visited: Ossuary.

You collected 1091 gold pieces.
You spent 598 gold pieces at shops.

Inventory:

Hand weapons
 a - a +1 mace (weapon)
 j - a +0 mace of holy wrath
 P - a +0 whip of freezing
Missiles
 B - 7 poisoned tomahawks (quivered)
 M - 5 tomahawks
Armour
 p - a +0 pair of boots (worn)
 s - a +2 ring mail of positive energy
 y - a +2 pair of gloves of strength (worn)
 F - a +0 cloak (worn)
 I - a cursed +1 chain mail of cold resistance
 J - a +3 chain mail of fire resistance
 T - a +2 plate armour of magic resistance (worn)
Magical devices
 e - a wand of polymorph (0) {unknown}
 h - a wand of digging (8)
 r - a wand of digging (13)
 K - a wand of flame (10)
 L - a wand of enslavement (10) {unknown}
 N - a wand of slowing (6) {unknown}
 U - a wand of flame (10)
 W - a wand of frost (18) {unknown}
Comestibles
 b - 4 meat rations
 c - 9 bread rations
 Q - 5 beef jerkies
Scrolls
 d - 2 scrolls of teleportation
 g - a scroll of blinking
 i - 4 scrolls of magic mapping
 m - a scroll of enchant weapon
 o - 7 scrolls of remove curse
 v - 2 scrolls of amnesia {unknown}
 w - a scroll of noise {unknown}
 E - a scroll of enchant armour
 G - 6 scrolls of identify
 O - a scroll of vulnerability {unknown}
 S - a scroll of fear {unknown}
 X - a scroll of torment {unknown}
Jewellery
 z - an amulet of resist corrosion (around neck)
 D - a ring of protection from magic (left hand)
 H - a cursed ring of fire
 R - an uncursed amulet of rage
Potions
 f - a potion of mutation {unknown}
 k - 4 potions of brilliance {unknown}
 l - 4 potions of haste {unknown}
 n - a potion of resistance {unknown}
 q - 2 potions of magic {unknown}
 t - a potion of confusion {unknown}
 u - 2 potions of agility {unknown}
 x - 2 potions of poison {unknown}
 A - a potion of curing {unknown}
 C - a potion of lignification {unknown}
 Y - a potion of berserk rage
 Z - a potion of beneficial mutation {unknown}


   Skills:
 - Level 3.6 Fighting
 + Level 17.6 Maces & Flails
 - Level 2.4 Armour
 - Level 2.1 Dodging


You had 9 spell levels left.
You didn't know any spells.

Dungeon Overview and Level Annotations

Branches:
Dungeon (9/15)             Temple (1/1) D:4             Orc (2/4) D:9
   Lair (1/8) D:9

Altars:
Ashenzari
Cheibriados
Dithmenos
Elyvilon
Fedhas
Kikubaaqudgha
Makhleb
Nemelex Xobeh
Okawaru
Qazlal
Sif Muna
Trog
Vehumet
Xom
Yredelemnul
Zin
The Shining One

Shops:
D:5 [   D:6 [   D:9 ([


Innate Abilities, Weirdness & Mutations

You reflexively headbutt those who attack you in melee.
You have a pair of horns on your head.


Message History

The orc warrior hits you but does no damage.
The boulder beetle curls into a ball and starts rolling!
The orc hits you but does no damage. The orc warrior barely misses you.
You hit the orc. Your headbutt misses the orc.
The orc is moderately wounded.
The orc hits you but does no damage.
You closely miss the orc. You headbutt the orc.
You kill the orc!
Trog accepts your kill.
The orc warrior hits you from afar with a trident!
The boulder beetle hits a rock wall.
The boulder beetle stops rolling.
The orc warrior hits you but does no damage.
The boulder beetle curls into a ball and starts rolling!
Things that are here:
a club; an orc corpse You closely miss the orc warrior.
You headbutt the orc warrior, but do no damage.
The orc warrior is almost dead.
The boulder beetle smashes into you!
You die...

.## ....## . .
......## .......
......$## .......
.......### #......
##.......#
##......#####........#
.#.......#.##......#
.........#.##..o@B§#
..............).§§##
.....##........####
.....###.......#
.....##.........#
...)..#........##
.....##.......)#
...........##...
..........####.B.


You could see a boulder beetle and an orc warrior.

Vanquished Creatures
  The ghost of blami the Chucker, an experienced CeCK of Xom (D:8)
  Pikel (D:6)
  Maurice (D:9)
  A wandering mushroom (D:9)
  2 hippogriffs
  A hungry ghost (D:9)
  A hill giant skeleton (D:7)
  A warg (Orc:1)
  4 orc warriors
  A water moccasin (D:9)
  3 slaves
  A black bear (D:8)
  An ice beast (D:9)
  3 sky beasts
  A phantom (D:8)
  Duvessa (D:6)
  4 ogres
  An elf zombie (Ossuary)
  4 giant frogs
  A scorpion (D:9)
  5 wights (D:8)
  Dowan (D:6)
  4 crimson imps
  2 centaur zombies (Ossuary)
  A giant frog zombie (D:6)
  A quasit (D:4)
  5 orc priests
  A hound (D:4)
  3 jellies
  A yellow wasp zombie (D:7)
  2 human zombies (Ossuary)
  2 worker ants (D:7)
  13 orc wizards
  4 big kobold zombies (Ossuary)
  Terence (D:2)
  3 mummies (Ossuary)
  An inept item mimic (Orc:1)
  2 shadow imps
  7 adders
  A giant mite (D:4)
  6 worms
  8 adder zombies (Ossuary)
  A giant gecko (D:4)
  59 orcs
  2 ball pythons
  18 goblins
  9 hobgoblins
  11 jackals
  12 kobolds
  3 quokkas (D:5)
  16 bats
  6 giant cockroaches
  2 giant newts
  A gnoll skeleton (D:4)
  A gnoll zombie (Ossuary)
  A goblin skeleton (D:4)
  3 goblin zombies (Ossuary)
  4 hobgoblin zombies (Ossuary)
  3 jackal zombies (Ossuary)
  3 kobold zombies (Ossuary)
  3 orc zombies
  3 quokka zombies (Ossuary)
  17 rats
  3 rat zombies (Ossuary)
  2 fungi (D:9)
  A plant (D:4)
292 creatures vanquished.

Vanquished Creatures (others)
  An orc priest (Orc:2)
  A rat (D:6)
2 creatures vanquished.

Grand Total: 294 creatures vanquished

Notes
Turn   | Place    | Note
--------------------------------------------------------------
     0 | D:1      | monstruo, the Minotaur Berserker, began the quest for the Orb.
     0 | D:1      | Reached XP level 1. HP: 19/19 MP: 1/1
    43 | D:1      | Reached skill level 4 in Maces & Flails
   437 | D:1      | Reached XP level 2. HP: 26/26 MP: 1/1
  1031 | D:1      | Acquired Trog's second power
  1555 | D:2      | Reached skill level 5 in Maces & Flails
  1643 | D:2      | Reached XP level 3. HP: 26/31 MP: 2/2
  1708 | D:2      | Noticed Terence
  1717 | D:2      | Killed Terence
  1778 | D:2      | Found a radiant altar of Vehumet.
  1780 | D:2      | Found a sparkling altar of Nemelex Xobeh.
  1956 | D:2      | Found a bloodstained altar of Trog.
  2013 | D:2      | Reached XP level 4. HP: 13/39 MP: 2/2
  2239 | D:2      | Reached skill level 6 in Maces & Flails
  3231 | D:3      | Reached skill level 7 in Maces & Flails
  3231 | D:3      | Reached XP level 5. HP: 42/45 MP: 2/2
  3287 | D:3      | Found a burning altar of Makhleb.
  3679 | D:4      | Received a gift from Trog
  3753 | D:4      | Reached skill level 8 in Maces & Flails
  3764 | D:4      | Reached XP level 6. HP: 49/51 MP: 3/3
  3853 | D:4      | Found a staircase to the Ecumenical Temple.
  4018 | D:4      | Acquired Trog's third power
  4180 | D:4      | Noticed a hippogriff
  4190 | D:4      | Killed a hippogriff
  4190 | D:4      | Reached skill level 9 in Maces & Flails
  4642 | D:5      | Entered Level 5 of the Dungeon
  4689 | D:5      | Found Twuics' Antique Armour Emporium.
  4698 | D:5      | Bought a runed chain mail for 99 gold pieces
  4698 | D:5      | Bought a shiny chain mail for 99 gold pieces
  4886 | D:5      | Found a white marble altar of Elyvilon.
  4931 | D:5      | Reached XP level 7. HP: 53/57 MP: 3/3
  4969 | Temple   | Entered the Ecumenical Temple
  5435 | D:6      | Reached skill level 10 in Maces & Flails
  5473 | D:6      | Noticed Pikel
  5869 | D:6      | Found a sand-covered staircase.
  5878 | Ossuary  | Entered an ossuary
  6163 | Ossuary  | Reached skill level 11 in Maces & Flails
  6246 | Ossuary  | Reached XP level 8. HP: 64/64 MP: 3/3
  6719 | D:5      | Reached skill level 12 in Maces & Flails
  6846 | D:6      | Killed Pikel
  6846 | D:6      | Reached skill level 13 in Maces & Flails
  6913 | D:6      | Noticed Dowan
  6915 | D:6      | Noticed Duvessa
  6945 | D:6      | Killed Duvessa
  6955 | D:6      | Killed Dowan
  7004 | D:6      | Found Coethuu's Armour Shop.
  7339 | D:7      | Reached XP level 9. HP: 61/70 MP: 4/4
  7365 | D:7      | Found a snail-covered altar of Cheibriados.
  7402 | D:7      | Reached skill level 14 in Maces & Flails
  7803 | D:6      | Bought a +2 plate armour of magic resistance for 400 gold pieces
  7930 | D:8      | Noticed blami's ghost (experienced CeCK)
  7952 | D:8      | Killed blami's ghost
  7952 | D:8      | Reached skill level 15 in Maces & Flails
  8521 | D:8      | Reached skill level 16 in Maces & Flails
  8876 | D:9      | Found a staircase to the Orcish Mines.
  8876 | D:9      | Found Qonoida's Armour Shop.
  8876 | D:9      | Found Anafuim's Weapon Shop.
  8897 | D:8      | Reached XP level 10. HP: 77/77 MP: 4/4
  9198 | Orc:1    | Entered Level 1 of the Orcish Mines
  9208 | D:9      | Found a radiant altar of Vehumet.
  9449 | D:9      | Found a staircase to the Lair.
  9489 | Lair:1   | Entered Level 1 of the Lair of Beasts
  9640 | D:9      | Reached skill level 17 in Maces & Flails
  9731 | D:9      | Noticed Maurice
  9792 | D:9      | Killed Maurice
 10088 | Orc:1    | Received a gift from Trog
 10568 | Orc:2    | Rolled over by a boulder beetle

Action                   |  1- 3 |  4- 6 |  7- 9 | 10-12 || total
-------------------------+-------+-------+-------+-------++-------
Melee: Mace              |    97 |   187 |   404 |   225 ||   913
       Whip              |       |       |     6 |       ||     6
Throw: Tomahawk          |       |       |     8 |       ||     8
Invok: Berserk           |       |     1 |     3 |     1 ||     5
       Burn Spellbooks   |       |       |     2 |       ||     2
  Use: Scroll            |       |     5 |     9 |       ||    14
  Eat: Chunk             |     3 |    11 |     7 |     5 ||    26
       Beef jerky        |       |       |     2 |     2 ||     4
       Bread ration      |       |       |     1 |       ||     1
